 Dungeon Crawl Stone Soup version 0.16.0-18-g484a79e (webtiles) character file.

32 maniek23 the Grave Robber (level 3, -1/22 (26) HPs)
             Began as a Ghoul Necromancer on Mar 22, 2015.
             Slain by a gnoll
             ... wielding a +0 spear
              (7 damage)
             ... on level 2 of the Dungeon.
             The game lasted 00:03:21 (1267 turns).

maniek23 the Grave Robber (Ghoul Necromancer)       Turns: 1267, Time: 00:03:21

HP:   -1/22 (26)    AC:  3    Str: 11    XL:     3   Next: 25%
MP:   2/6           EV:  6    Int: 10    God:
Gold: 50            SH:  0    Dex: 10    Spells: 1 memorised, 5 levels left

rFire  . . .     SeeInvis .     (no weapon)
rCold  + . .     Clarity  .     a - +0 robe
rNeg   + + +     SustAb   .     (no shield)
rPois  ∞         Gourm    .     (no helmet)
rElec  .         Spirit   .     l - +0 cloak
rCorr  .         Warding  .     (no gloves)
rMut   .         Stasis   .     (no boots)
MR     .....                    (no amulet)
Stlth  ++........               (no ring)
                                (no ring)

@: held, rotting, not resistant to hostile enchantments, unstealthy
A: rotting body, claws 1, carnivore 3, cold resistance 1, negative energy
resistance 3, poison resistance, slow healing 1, torment resistance, unbreathing
a: no special abilities


You were on level 2 of the Dungeon.
You were hungry.

You visited 1 branch of the dungeon, and saw 2 of its levels.

You collected 50 gold pieces.

Inventory:

Armour
 a - a +0 robe (worn)
 l - a +0 cloak (worn)
Jewellery
 f - a cursed ring of loudness {unknown}
Scrolls
 e - 5 scrolls of identify {unknown}
 g - a scroll of remove curse {unknown}
 h - 2 scrolls of recharging {unknown}
 i - a scroll of blinking {unknown}
 j - a scroll of fog {unknown}
 k - a scroll of magic mapping {unknown}
Potions
 c - a potion of haste {unknown}
 d - a potion of cure mutation {unknown}
Books
 b - a book of Necromancy

   Spells                             Type                      Level
   a - Pain                           Necromancy                   1
   b - Animate Skeleton               Necromancy                   1
   c - Vampiric Draining              Necromancy                   3
   d - Regeneration                   Charms/Necromancy            3
   e - Animate Dead                   Necromancy                   4
   f - Control Undead                 Necromancy                   4


   Skills:
 + Level 2.0 Dodging
 + Level 2.5 Stealth
 + Level 0.7 Unarmed Combat
 + Level 2.0 Spellcasting
 + Level 4.4 Necromancy


You had 5 spell levels left.
You knew the following spells:

 Your Spells              Type           Power        Failure   Level  Hunger
a - Pain                  Necr           #...         8%          1    ##.....


Dungeon Overview and Level Annotations

Branches:
Dungeon (2/15)

Altars:


Innate Abilities, Weirdness & Mutations

Your body is rotting away.
You thrive on raw meat.
You have sharp fingernails.
You are carnivorous and can eat meat at any time.
Your flesh is cold resistant.
You are immune to negative energy.
Your system is resistant to poisons.
You heal slowly when monsters are visible.
You are immune to unholy pain and torment.
You can survive without breathing.


Message History

Casting: Pain
Confirm with . or Enter, or press ? or * to list all spells.
Aiming: Pain
Press: ? - help, Shift-Dir - straight line, f/p - gnoll
Aim: a gnoll, wielding a spear (chance 68%)
The gnoll convulses in agony!
The gnoll moves out of view.
The gnoll hits you from afar with a spear!
A gnoll comes into view. It is wielding a spear.
Casting: Pain
Confirm with . or Enter, or press ? or * to list all spells.
Aiming: Pain
Press: ? - help, Shift-Dir - straight line, f/p - gnoll
Aim: a gnoll, wielding a spear (moderately wounded, chance 68%)
The gnoll convulses in agony!
The gnoll shouts!
The gnoll hits you from afar with a spear.
* * * LOW HITPOINT WARNING * * *
You tear a large gash into the net.
The gnoll hits you from afar with a spear!
You die...

####...........#.##
# #.#.............
# #.#.......#.##..
# #.............. #
###.g?#####.##.
#.........#
##g.#######
#.########.(##
#........@...#
##########.(.#
#....... .$#####..
###


You could see 2 gnolls.

Vanquished Creatures
  An adder (D:2)
  A giant gecko (D:2)
  3 kobolds
  4 bats
  2 giant cockroaches (D:1)
  A giant newt (D:2)
  7 goblins
  4 rats
23 creatures vanquished.

Notes
Turn   | Place    | Note
--------------------------------------------------------------
     0 | D:1      | maniek23, the Ghoul Necromancer, began the quest for the Orb.
     0 | D:1      | Reached XP level 1. HP: 14/14 MP: 2/2
   188 | D:1      | Reached XP level 2. HP: 10/19 MP: 0/3
   842 | D:2      | Reached XP level 3. HP: 23/25 MP: 5/5
  1267 | D:2      | Slain by a gnoll

Action                   || total
-------------------------++-------
Melee: Unarmed           ||    71
 Cast: Pain              ||    16
 Stab: Sleeping          ||     2
  Eat: Chunk             ||     1
